 Dungeon Crawl Stone Soup version 0.31-a0-44-g49d609d0da (webtiles) character file.

Game seed: 14704797970936283697

15189 Licon the Carver (level 11, -12/77 HPs)
             Began as a Demonspawn Fighter on May 20, 2023.
             Was a High Priest of Hepliaklqana.
             Mangled by an enormous slime creature (67 damage)
             ... on level 12 of the Dungeon.
             The game lasted 00:30:22 (13153 turns).

Licon the Carver (Demonspawn Fighter)              Turns: 13153, Time: 00:30:22

Health: -12/77     AC: 20    Str: 27      XL:     11   Next: 98%
Magic:  11/11      EV: 10    Int: 13      God:    Hepliaklqana [*****.]
Gold:   2114       SH: 11    Dex: 11 (13) Spells: 10/10 levels left

rFire   . . .        H - +7 Throatcutter {drain, coup de grace}
rCold   . . .        c - +0 buckler
rNeg    . . .        r - +1 chain mail
rPois   .            x - +0 helmet
rElec   .            t - +0 cloak
rCorr   .            j - +0 pair of gloves
SInv    .            (no boots)
Will    .....        g - amulet of reflection Stlth
                     P - +4 ring of protection
HPRegen 0.32/turn    B - +6 ring of strength
MPRegen 0.12/turn

%: reflection
@: no status effects
A: reduced essence, claws 2, spiny 2, big brain 2
a: Renounce Religion, Ancestor Life: Knight, Ancestor Life: Battlemage, Ancestor
Life: Hexer, Recall Ancestor, Ancestor Identity, Transference, Idealise


You were on level 12 of the Dungeon.
You worshipped Hepliaklqana.
Hepliaklqana was extremely pleased with you.
You visited 3 branches of the dungeon, and saw 14 of its levels.
You also visited: Ossuary.

You collected 2114 gold pieces.

Inventory:

Hand Weapons
 a - a +2 long sword
 l - the +7 mace "Hell-Harrower" {antimagic, rElec rPois Dex+3}
   (You found it on level 3 of the Dungeon)

   Dex:       It affects your dexterity (+3).
   rElec:     It insulates you from electricity.
   rPois:     It protects you from poison.
 H - the +7 Throatcutter (weapon) {drain, coup de grace}
   (You found it on level 5 of the Dungeon)
Missiles
 I - a throwing net
Armour
 b - a +0 scale mail
 c - a +0 buckler (worn)
 j - a +0 pair of gloves (worn)
 r - a +1 chain mail (worn)
 t - a +0 cloak (worn)
 x - a +0 helmet (worn)
Jewellery
 g - an amulet of reflection (around neck)
 k - a ring of magical power
 m - a ring of see invisible
 s - a ring of magical power
 w - an amulet of magic regeneration
 z - a +6 ring of dexterity
 B - a +6 ring of strength (right hand)
 P - a +4 ring of protection (left hand)
 Q - a ring of resist corrosion
 R - an amulet of guardian spirit
Wands
 y - a wand of mindburst (14)
 D - a wand of polymorph (18)
 E - a wand of roots (6)
 J - a wand of digging (3)
 L - a wand of flame (21)
 S - a wand of quicksilver (1)
Scrolls
 n - 4 scrolls of immolation
 u - 4 scrolls of teleportation
 C - 3 scrolls of blinking (quivered)
 G - a scroll of silence
 K - 4 scrolls of identify
 M - a scroll of fog
 N - a scroll of poison {unknown}
 O - a scroll of acquirement
 T - a scroll of magic mapping {unknown}
Potions
 d - 2 potions of might
 e - 4 potions of brilliance
 f - 7 potions of lignification
 h - 2 potions of attraction {unknown}
 i - 2 potions of degeneration
 o - 3 potions of heal wounds
 p - a potion of cancellation {unknown}
 q - 3 potions of invisibility
 v - 2 potions of flight
 A - 6 potions of curing
 F - 2 potions of berserk rage {unknown}


   Skills:
 + Level 8.1 Fighting
 + Level 9.6 Long Blades
 + Level 6.7 Maces & Flails
 + Level 8.5 Armour
 + Level 3.6 Dodging
 + Level 2.1 Stealth
 + Level 8.3 Shields
 + Level 0.1 Evocations


You had 10 spell levels left.
You didn't know any spells.
Your spell library contained the following spells:

 Spells                   Type           Power      Damage    Failure   Level
 Magic Dart               Conj           0%         1d3       80%         1
 Searing Ray              Conj           0%         2d4       91%         2
 Dazzling Flash           Conj/Hex       0%         N/A       99%         3
 Fulminant Prism          Conj/Hex       0%         3d5       100%        4
 Olgreb's Toxic Radiance  Pois           0%         N/A       100%        4
 Agony                    Necr           0%         N/A       100%        5
 Silence                  Hex/Air        0%         N/A       100%        5
 Summon Forest            Summ/Tloc      0%         N/A       100%        5
 Summon Mana Viper        Hex/Summ       0%         N/A       100%        5
 Summon Cactus Giant      Summ           0%         N/A       100%        6
 Discord                  Hex            0%         N/A       100%        8
 Ignition                 Fire           0%         3d3       100%        8


Dungeon Overview and Level Annotations

Branches:
Dungeon (12/15)            Temple (1/1) D:5            Lair (1/5) D:9
    Orc (0/2) D:11        Ossuary (visited)

Altars:
Ashenzari
Cheibriados
Dithmenos
Fedhas
Gozag
Hepliaklqana
Kikubaaqudgha
Makhleb
Nemelex Xobeh
Okawaru
Qazlal
Ru
Sif Muna
Trog
Uskayaw
Vehumet
Wu Jian
Xom
Yredelemnul

Annotations:
D:12 Azrael
Lair:1 3 runed translucent doors, Vuteokibb's ghost, novice TrMo


Innate Abilities, Weirdness & Mutations

Your life essence is reduced to manifest your ancestor. (-10% HP)
You have very sharp fingernails.
You are mostly covered in sharp spines.
You have an extremely huge brain. (Int +4)


Message History

The blast of flame hits you but does no damage.
You block the hell hound's attack.
You completely miss the hell hound.
The hell hound is severely wounded.
The hell hound bites you but does no damage.
Two slime creatures merge to form a large slime creature.
You block the slime creature's attack.
The hell hound barely misses Tiberius.
The slime creature is struck by your spines.
The slime creature hits you. The hell hound barely misses you.
Tiberius barely misses the hell hound.
You hit the hell hound.
The hell hound is almost dead.
You block the hell hound's attack.
The hell hound closely misses Tiberius.
You block the hell hound's attack.
Two slime creatures merge to form a very large slime creature.
The slime creature is struck by your spines.
The slime creature barely misses you.
The troll is engulfed in a cloud of scalding steam.
Tiberius closely misses the hell hound.
The hell hound barely misses you.
The hell hound bites Tiberius.
The hell hound breathes flames at you.
The blast of flame hits you but does no damage.
You closely miss the hell hound.
The hell hound is almost dead.
You block the hell hound's attack.
Two slime creatures merge to form an enormous slime creature.
The slime creature is struck by your spines.
The slime creature hits you!
The hell hound bites Tiberius!
Tiberius hits the hell hound.
The hell hound bites you.
You barely miss the hell hound.
The hell hound is almost dead.
The hell hound bites you but does no damage.
The hell hound bites Tiberius!
The hell hound is struck by your spines.
You kill the hell hound!
The electric eel is engulfed in a cloud of scalding steam.
The enormous slime creature is struck by your spines.
The enormous slime creature hits you!!!
Ouch! That really hurt!
You die...

#########
≈g≈.....##
≈≈S...h..#####..
.....○hR........
≈≈≈..ER@........
≈g≈...JJ..§.....
###.##.#.T§.....
.. #.#.♣§§.... .
#.#.§§§....
..#♣♣P..♣P. ##
~...~~ .~~~


You could see the friendly Tiberius the ancestor, Azrael, an enormous slime
creature, a slime creature, a troll, a fire elemental, 2 hell hounds, an
electric eel and 2 goblins.

Vanquished Creatures
  Erica (D:11)
  Urug (D:10)
  Sonja (D:11)
  2 gargoyles
  2 kobold demonologists (D:11)
  A cane toad (Lair:1)
  2 komodo dragons
  A troll (D:9)
  A hornet (D:8)
  5 blink frogs (Lair:1)
  A wyvern (D:8)
  3 wraiths
  A fire elemental (D:12)
  11 yaks
  2 steam dragons
  An acid dragon (D:11)
  A hell hound (D:12)
  3 water moccasins
  A sky beast (D:6)
  10 orc warriors
  A black bear (D:5)
  An ice beast (D:7)
  An ogre (D:5)
  4 centaurs
  5 wolves (Lair:1)
  A phantom (D:5)
  9 kobold brigands
  5 bullfrogs
  A scorpion (D:6)
  4 gnoll sergeants
  6 wights
  15 killer bees
  9 howler monkeys
  11 orc priests
  3 jellies
  2 gnoll boudas
  A hound (D:5)
  Crazy Yiuf (D:3)
  An iguana (D:4)
  18 orc wizards
  24 gnolls
  11 adders
  A white imp (D:8)
  An ufetubus (D:4)
  2 adder zombies (Ossuary)
  4 worms
  3 dart slugs
  66 orcs
  7 endoplasms
  4 giant cockroaches
  13 goblins
  10 hobgoblins
  5 jackals
  2 quokkas
  5 ball pythons
  A ball python skeleton (Ossuary)
  11 bats
  4 frilled lizards
  A hobgoblin zombie (Ossuary)
  32 kobolds
  A kobold zombie (Ossuary)
  An orc skeleton (Ossuary)
  An orc zombie (Ossuary)
  3 rats
363 creatures vanquished.

Vanquished Creatures (collateral kills)
  An ugly thing (D:11)
  A water moccasin (Lair:1)
  An orc warrior (D:10)
  A wolf (Lair:1)
  A centaur (D:7)
  2 kobold brigands
  A killer bee (D:10)
  An orc priest (D:7)
  2 orc wizards
  A gnoll (D:9)
  5 orcs
  5 kobolds
22 creatures vanquished.

Vanquished Creatures (others)
  An ancestor (D:9)
  An orc (D:7)
2 creatures vanquished.

Grand Total: 387 creatures vanquished

Notes
Turn   | Place    | Note
-------+----------+-------------------------------------------
     0 | D:1      | Licon the Demonspawn Fighter began the quest for the Orb.
     0 | D:1      | Reached XP level 1. HP: 18/18 MP: 1/1
   206 | D:1      | Gained mutation: You are partially covered in sharp spines.
                  | [demonic ancestry]
   206 | D:1      | Reached XP level 2. HP: 24/24 MP: 2/2
   679 | D:1      | Reached XP level 3. HP: 27/29 MP: 3/3
   944 | D:2      | Reached skill level 2 in Long Blades
  1267 | D:2      | Gained mutation: You have an unusually large brain. (Int
                  | +2) [demonic ancestry]
  1267 | D:2      | Reached XP level 4. HP: 25/35 MP: 4/4
  1745 | D:3      | Identified the +7 mace "Hell-Harrower" {antimagic, rElec
                  | rPois Dex+3}
  2230 | D:3      | Found a runed translucent door.
  2231 | D:3      | Noticed Crazy Yiuf
  2616 | D:3      | Killed Crazy Yiuf
  2617 | D:3      | Gained mutation: You have sharp fingernails. [demonic
                  | ancestry]
  2617 | D:3      | Reached XP level 5. HP: 37/42 MP: 3/5
  2854 | D:4      | Reached skill level 1 in Maces & Flails
  2946 | D:4      | Found a shimmering blue altar of Sif Muna.
  3087 | D:4      | Reached skill level 1 in Dodging
  3134 | D:4      | Found a sand-covered staircase.
  3157 | D:4      | Reached XP level 6. HP: 43/48 MP: 5/6
  3163 | Ossuary  | Entered an ossuary
  3280 | Ossuary  | Noticed a flying skull
  3280 | Ossuary  | Noticed a wraith
  3289 | Ossuary  | Noticed a flying skull
  3316 | Ossuary  | Noticed a flying skull
  3319 | Ossuary  | Noticed a flying skull
  3448 | Ossuary  | Noticed a flying skull
  3479 | Ossuary  | Noticed a wraith
  3484 | Ossuary  | Killed a wraith
  3485 | Ossuary  | Gained mutation: You have an extremely huge brain. (Int +4)
                  | [demonic ancestry]
  3485 | Ossuary  | Reached XP level 7. HP: 54/54 MP: 5/7
  3496 | Ossuary  | Noticed a wraith
  3506 | Ossuary  | Killed a wraith
  3776 | D:4      | Found a broken altar of Ashenzari.
  4285 | D:4      | Identified a scroll of acquirement
  4285 | D:4      | Acquired 904 gold pieces
  4292 | D:5      | Entered Level 5 of the Dungeon
  4310 | D:5      | Found a staircase to the Ecumenical Temple.
  4345 | Temple   | Entered the Ecumenical Temple
  4435 | Temple   | Became a worshipper of Hepliaklqana the Forgotten
  4494 | D:5      | Gained mutation: You have very sharp fingernails. [demonic
                  | ancestry]
  4494 | D:5      | Reached XP level 8. HP: 21/61 MP: 5/8
  4497 | D:5      | Reached skill level 5 in Maces & Flails
  4811 | D:5      | Reached skill level 1 in Stealth
  4970 | D:5      | Found the +7 Throatcutter {drain, coup de grace}
  4992 | D:5      | Reached skill level 5 in Armour
  5005 | D:5      | Reached skill level 5 in Shields
  5011 | D:5      | Reached skill level 5 in Fighting
  5614 | D:6      | Reached XP level 9. HP: 68/68 MP: 9/9
  5742 | D:6      | Reached skill level 3 in Long Blades
  5862 | D:6      | Identified the +0 robe of the Old and Reckless {Str+6}
  5939 | D:6      | Reached * piety under Hepliaklqana
  6412 | D:7      | Reached skill level 4 in Long Blades
  7353 | D:8      | Reached skill level 5 in Long Blades
  7359 | D:8      | Reached ** piety under Hepliaklqana
  7539 | D:8      | Reached XP level 10. HP: 68/68 MP: 10/10
  8470 | D:9      | Reached skill level 6 in Long Blades
  8962 | D:9      | Found a staircase to the Lair.
  8965 | D:9      | Reached *** piety under Hepliaklqana
  8978 | Lair:1   | Entered Level 1 of the Lair of Beasts
  9039 | Lair:1   | Found a runed translucent gate.
  9039 | Lair:1   | Found a runed translucent gate.
  9039 | Lair:1   | Found a runed translucent gate.
  9040 | Lair:1   | Noticed Vuteokibb's ghost (novice TrMo)
  9120 | Lair:1   | Noticed a cane toad
  9124 | Lair:1   | Killed a cane toad
  9125 | Lair:1   | Reached skill level 7 in Long Blades
  9344 | Lair:1   | Gained mutation: You are mostly covered in sharp spines.
                  | [demonic ancestry]
  9344 | Lair:1   | Reached XP level 11. HP: 47/75 MP: 11/11
 10215 | D:9      | Reached **** piety under Hepliaklqana
 10391 | D:10     | Entered Level 10 of the Dungeon
 10398 | D:10     | Reached skill level 8 in Long Blades
 10492 | D:10     | Noticed Urug
 10503 | D:10     | Killed Urug
 11421 | D:11     | Noticed Sonja
 11437 | D:11     | Killed Sonja
 11646 | D:11     | Noticed a brown ugly thing
 11656 | D:11     | Killed a brown ugly thing
 11680 | D:11     | Found a staircase to the Orcish Mines.
 11824 | D:11     | Noticed Erica
 11834 | D:11     | Killed Erica
 11835 | D:11     | Reached skill level 9 in Long Blades
 12165 | D:11     | Reached ***** piety under Hepliaklqana
 13146 | D:12     | Noticed Azrael
 13153 | D:12     | Mangled by an enormous slime creature

Illustrated notes

Levels and vault maps discovered:
D:1:      dpeg_arrival_round_a, layout_loops_ring
D:2:      layout_basic, nrook_campfire
D:3:      layout_loops_corners, grunt_ministairs_14, uniq_crazy_yiuf_cottage
D:4:      corexii_shantytown, layout_basic, kennysheep_mini_moat,
          lemuel_crystal_altar, nicolae_ossuary_entry_monument
D:5:      layout_cave_pools, minmay_temple_entry_junction,
          kennysheep_nondescript, hangedman_decor_growths,
          dilly_guarded_unrand_throatcut
D:6:      layout_cave_pools, serial_glass, glass_columns_a, glass_columns_b
D:7:      layout_cave_pods, serial_column_ruins, column_ruins_hut,
          column_ruins_grid_3, column_ruins_grid_2, column_ruins_open_large,
          column_ruins_open_large, serial_park_tiny_2
D:8:      layout_basic, minmay_misc_feat_hallway, amcnicky_mini_corridor_feature
D:9:      layout_gridville, overflow_temple_1_default, david_lair_shrubbed,
          sword_in_stone
D:10:     layout_basic, uniq_urug
D:11:     minmay_goldmine, layout_cave_pools, hiddenorc2_lemuel,
          serial_co_window_serial, co_window_paths_a, co_window_paths_a,
          co_window_paths_a, co_window_of_opportunity_a, co_window_corner_a,
          co_window_2corner, co_window_corner_b, co_window_corner_b,
          co_window_corner_cb, co_window_corner_ca, co_window_broadway_a,
          co_window_corner_b, co_window_4corner_b, uniq_erica, uniq_sonja
D:12:     layout_roguey, serial_bayou, serial_bayou_ford_a, serial_bayou_pond_a,
          serial_bayou_lagoon_a, serial_bayou_pond_c, serial_shops,
          nicolae_shop_window_shopping, kennysheep_okawaru_gauntlet, uniq_azrael
Temple:   hellmonk_temple_of_storms
Lair:1:   layout_gridlike, ebering_ghost_rock_garden, serial_bayou_shore_b

Skill      XL: |  1  2  3  4  5  6  7  8  9 10 11 |
---------------+----------------------------------+-----
Shields        | 3 4 5 6 7 8 |  8.3
Long Blades    | 2 5 7 9 |  9.6
Armour         | 3 4 5 6 7 8 |  8.5
Maces & Flails | 2 4 6 |  6.7
Dodging        | 1 2 3 |  3.6
Fighting       | 4 5 6 7 8 |  8.1
Stealth        | 1 2 |  2.1
Evocations     | |  0.1

Action                     |  1- 3 |  4- 6 |  7- 9 | 10-12 || total
---------------------------+-------+-------+-------+-------++-------
  Melee: Long sword        |   103 |    17 |   116 |   331 ||   567
         Mace              |       |   122 |   149 |       ||   271
  Evoke: Wand              |       |       |     1 |       ||     1
    Use: Scroll            |       |     5 |    12 |     5 ||    22
         Potion            |       |       |     1 |     2 ||     3
   Stab: Distracted        |       |       |     2 |     1 ||     3
 Armour: Scale mail        |    49 |       |       |       ||    49
         Chain mail        |       |    45 |   135 |   166 ||   346
  Dodge: Dodged            |    29 |    37 |    80 |   143 ||   289
  Block: Buckler           |    68 |    69 |   185 |   218 ||   540
         Reflection        |     3 |     2 |     6 |     5 ||    16

Table legend: (Time is in decaauts)
 A = Elapsed time spent in this place.
 B = Non-inter-level travel time spent in this place.
 C = Inter-level travel time spent in this place.
 D = Time resting spent in this place.
 E = Time spent auto-exploring this place.
 F = Levels seen in this place.
 G = Mean time per level.
                   A        B        C        D        E       F      G
               +--------+--------+--------+--------+--------+-----+--------+
         Total |  13328 |  12790 |    538 |   1289 |   9076 |  15 |  888.5 |
       Dungeon |  11711 |  11187 |    524 |   1099 |   8074 |  12 |  975.9 |
        Temple |     96 |     96 |      0 |      0 |      0 |   1 |   96.0 |
          Lair |   1015 |   1001 |     14 |    190 |    653 |   1 | 1015.0 |
       Ossuary |    504 |    504 |      0 |      0 |    349 |   1 |  504.0 |
               +--------+--------+--------+--------+--------+-----+--------+

Top non-repeatable levels by time:
    D:11: 1733 daAuts
     D:3: 1232 daAuts
     D:7: 1218 daAuts
     D:8: 1157 daAuts
     D:4: 1055 daAuts
    D:10: 1044 daAuts
  Lair:1: 1015 daAuts
     D:5: 1007 daAuts
     D:9: 951 daAuts
     D:1: 888 daAuts
     D:2: 709 daAuts
     D:6: 706 daAuts
 Ossuary: 504 daAuts
  Temple: 96 daAuts
    D:12: 6 daAuts
